 Dungeon Crawl Stone Soup version 0.29.0-4-gdea44cf6ec (webtiles) character file.

Game seed: 12396296501071905567

22 qw the Chopper (level 2, 0/24 HPs)
             Began as a Demonspawn Cinder Acolyte on Sept 9, 2022.
             Was a High Priest of Ignis.
             Succumbed to their own poison gas
             ... on level 1 of the Dungeon.
             The game lasted 00:00:23 (1221 turns).

qw the Chopper (Demonspawn Cinder Acolyte)          Turns: 1221, Time: 00:00:24

Health: 0/24       AC:  3    Str: 14    XL:     2   Next: 68%
Magic:  3/3        EV: 11    Int: 15    God:    Ignis [*****.]
Gold:   60         SH:  0    Dex:  8    Spells: 3/3 levels left

rFire   + . .      SeeInvis .   Y - -1 hand axe (flame)
rCold   . . .      Faith    .   (no shield)
rNeg    . . .      Spirit   .   b - +0 robe
rPois   .          Reflect  .   (no helmet)
rElec   .          Harm     .   (no cloak)
rCorr   .          Rampage  .   (no gloves)
Will    .....                   g - +0 pair of boots
Stlth   +.........              (no amulet)
HPRegen 0.08/turn               (no ring)
MPRegen 0.08/turn               (no ring)

@: lethally poisoned (0 -> -3)
A: claws 1
a: Renounce Religion, Fiery Armour, Foxfire Swarm, Rising Flame


You were on level 1 of the Dungeon.
You worshipped Ignis.
Ignis was extremely pleased with you.
You visited 1 branch of the dungeon, and saw 1 of its levels.

You collected 60 gold pieces.


Innate Abilities, Weirdness & Mutations

You have sharp fingernails.


   Skills:
 - Level 3.0 Fighting
 + Level 3.6 Axes
 - Level 1.0 Spellcasting
 - Level 2.6 Fire Magic


You had 3 spell levels left.
You didn't know any spells.
Your spell library contained the following spells:

 Spells                   Type           Power      Damage    Failure   Level
 Scorch                   Fire           16%        2d6       12%         2

Inventory:

Hand Weapons
 Y - a -1 hand axe of flaming (weapon)
Armour
 b - a +0 robe (worn)
 g - a +0 pair of boots (worn)
Potions
 e - a potion of heal wounds {unknown}
 h - a potion of curing {unknown}
 i - a potion of invisibility {unknown}
 j - a potion of magic {unknown}

Dungeon Overview and Level Annotations

Branches:
Dungeon (1/15)

Altars:


Message History

You start putting on your armour.
You continue putting on your +0 pair of boots. x4
You finish putting on your +0 pair of boots.
Done exploring.
1212 ||| READING scroll labelled FABUB HESOXZI.
As you read the scroll labelled FABUB HESOXZI, it crumbles to dust.
It is a scroll of identify.
Really abort (and waste the scroll)?
Done exploring.
1213 ||| READING scroll labelled FOENOEN VUJIJ.
The air fills with toxic fumes!
As you read the scroll labelled FOENOEN VUJIJ, it crumbles to dust.
It was a scroll of poison.
Done exploring.
1214 ||| READING scroll labelled SOIXIER AWN.
As you read the scroll labelled SOIXIER AWN, it crumbles to dust.
It is a scroll of enchant armour.
Really abort (and waste the scroll)?
Done exploring.
(D) Dungeon
Where to? (* - list waypoints, ? - help)
What level of the Dungeon? (default 1, ? - help) Sorry, I don't know how to get there.
Done exploring.
1215 ||| Stepping randomly (stuck).
Really walk into that cloud of poison gas?
You are engulfed in poison gas.
You are poisoned.
You feel very sick.
1216 ||| Stepping ~*~*~tactically~*~*~ (cloud).
You feel very sick.
There is a lethal amount of poison in your body!
You feel very sick.
There is a lethal amount of poison in your body!
You feel sick.
There is a lethal amount of poison in your body!
You feel sick.
There is a lethal amount of poison in your body!
You feel sick.
There is a lethal amount of poison in your body!
You die...

###........>.....#.#.....###....
#...#............##.##...####...
#.###.......))##...#.#.....##...
#.# #..............##.##........
#.# #...#.###....#...#.#........
#.# #...#.##..##.....###........
#.#######....####..#0¤..........
#.##.......######0¤0¤¤..........
#.#..####.##00¤@¤000¤0..........
##...#####.#¤¤0##################
#..### #...#¤0#####.............#
#..# #...####.......#######....
#..# #...##......###.......###.
#..# #...#....###.............#
#..## #..##...#....<.#######....
....# #..#.).#.....### ###..
....# #......#....## ##.


There were no monsters in sight!

Vanquished Creatures
  A dart slug (D:1)
  2 ball pythons (D:1)
  4 bats (D:1)
  2 endoplasms (D:1)
  A giant cockroach (D:1)
  2 goblins (D:1)
  A hobgoblin (D:1)
  A quokka (D:1)
  A frilled lizard (D:1)
  2 kobolds (D:1)
  3 rats (D:1)
20 creatures vanquished.

Vanquished Creatures (others)
  A fungus (D:1)
  A plant (D:1)
2 creatures vanquished.

Grand Total: 22 creatures vanquished

Notes
Turn   | Place    | Note
-------+----------+-------------------------------------------
     0 | D:1      | qw the Demonspawn Cinder Acolyte began the quest for the
                  | Orb.
     0 | D:1      | Reached XP level 1. HP: 18/18 MP: 2/2
     0 | D:1      | 0 ||| qw: Version: 0.1-a-113-g051387a
     0 | D:1      | 0 ||| qw: Game counter: 7213
     0 | D:1      | 0 ||| qw: Always use a shield: true
     0 | D:1      | 0 ||| qw: God list: Okawaru
     0 | D:1      | 0 ||| qw: Allow faded altars: false
     0 | D:1      | 0 ||| qw: Do Orc after D:15 true
     0 | D:1      | 0 ||| qw: Do second Lair branch before Depths: true
     0 | D:1      | 0 ||| qw: Lair rune preference: random
     0 | D:1      | 0 ||| qw: Plans: Normal
     0 | D:1      | 0 ||| PLANNING D:1-11
   170 | D:1      | Reached skill level 3 in Axes
   185 | D:1      | Found a faded altar of an unknown god.
   245 | D:1      | Gained mutation: You have sharp fingernails. [demonic
                  | ancestry]
   245 | D:1      | Reached XP level 2. HP: 17/24 MP: 3/3
   258 | D:1      | 258 ||| INVOKING Fiery Armour.
   573 | D:1      | 573 ||| Stepping ~*~*~tactically~*~*~ (stealth).
  1207 | D:1      | 1207 ||| UPGRADING to +0 pair of boots.
  1212 | D:1      | 1212 ||| READING scroll labelled FABUB HESOXZI.
  1213 | D:1      | 1213 ||| READING scroll labelled FOENOEN VUJIJ.
  1214 | D:1      | 1214 ||| READING scroll labelled SOIXIER AWN.
  1215 | D:1      | 1215 ||| Stepping randomly (stuck).
  1216 | D:1      | 1216 ||| Stepping ~*~*~tactically~*~*~ (cloud).
  1217 | D:1      | HP: 6/24 [poisoned by you (poison gas)]
  1220 | D:1      | HP: 1/24 [poisoned by you (poison gas)]
  1221 | D:1      | Succumbed to their own poison gas

Levels and vault maps discovered:
D:1:      dpeg_arrival_oval, layout_rooms, dreamdust_ecumenical_altar_grove,
          minmay_misc_feat_enclosed, minmay_vboxes

Skill      XL: |  1 |
---------------+----+-----
Axes           | 3 |  3.6
Fighting       | |  3.0
Spellcasting   | |  1.0
Fire Magic     | |  2.6

Action                   || total
-------------------------++-------
Melee: Hand axe          ||    69
Invok: Fiery Armour      ||     1
  Use: Scroll            ||     3
Armor: Robe              ||    24
Dodge: Dodged            ||    37

Table legend:
 A = Non-vault XP
 B = Vault XP
 C = Vault XP percentage of total XP
 D = Non-vault monster count
 E = Vault monster count
 F = Vault count percentage of total count
                 A         B        C        D         E       F
            +---------+---------+-------+---------+---------+-------
      Total |      24 |       8 |  25.0 |      16 |       4 |  20.0
            +---------+---------+-------+---------+---------+-------
        D:1 |      24 |       8 |  25.0 |      16 |       4 |  20.0
            +---------+---------+-------+---------+---------+-------
